 Dungeon Crawl Stone Soup version 0.31-a0-636-ge1c0e020e0 (webtiles) character file.

Game seed: 4100451942723174488

4445 thirtiethelement the Cleaver (level 10, -12/77 HPs)
             Began as a Demonspawn Fighter on Aug 26, 2023.
             Mangled by a death yak (14 damage)
             ... on level 7 of the Dungeon.
             The game lasted 00:17:10 (6784 turns).

thirtiethelement the Cleaver (Demonspawn Fighter)   Turns: 6784, Time: 00:17:11

Health: -12/77     AC: 11    Str: 20    XL:     10   Next: 15%
Magic:  10/10      EV: 18    Int: 10    God:
Gold:   491        SH:  6    Dex: 19    Spells: 9/9 levels left

rFire   . . .        a - +0 war axe
rCold   . . .        c - +0 buckler
rNeg    . . .        v - +4 ring mail
rPois   +            (helmet restricted)
rElec   .            (no cloak)
rCorr   .            (no gloves)
SInv    .            g - +0 pair of boots
Will    .....        (no amulet)
Stlth   +            r - ring of poison resistance
HPRegen 0.32/turn    h - +6 ring of dexterity
MPRegen 0.12/turn

%: no passive effects
@: mighty, agile
A: antennae 1, claws 2, powered by pain 2, weakness stinger 2
a: no special abilities


You were on level 7 of the Dungeon.
You visited 1 branch of the dungeon, and saw 8 of its levels.
You also visited: Ossuary.

You collected 491 gold pieces.

Inventory:

Hand Weapons
 a - a +0 war axe (weapon)
Missiles
 p - 2 silver javelins
 D - 5 javelins (quivered)
 F - a throwing net
Armour
 c - a +0 buckler (worn)
 g - a +0 pair of boots (worn)
 s - a +0 kite shield
 v - a +4 ring mail (worn)
Jewellery
 h - a +6 ring of dexterity (right claw)
 r - a ring of poison resistance (left claw)
Wands
 b - a wand of roots (6)
 n - a wand of mindburst (10)
 y - a wand of paralysis (7)
Scrolls
 e - a scroll of blinking
 f - 4 scrolls of teleportation
 j - 2 scrolls of enchant weapon
 m - a scroll of poison
 o - a scroll of amnesia
 t - 2 scrolls of summoning
 w - a scroll of fear
 A - a scroll of torment
 B - 2 scrolls of revelation
 C - a scroll of vulnerability
Potions
 i - 3 potions of haste
 k - 3 potions of heal wounds
 l - a potion of curing
 q - 2 potions of attraction
 u - a potion of lignification
 x - a potion of ambrosia
 z - a potion of enlightenment
 E - a potion of brilliance {unknown}


   Skills:
 + Level 6.8 Fighting
 + Level 9.1 Axes
 + Level 1.8 Throwing
 + Level 5.7 Armour
 + Level 4.3 Dodging
 + Level 1.5 Stealth
 + Level 5.1 Shields
 + Level 0.3 Evocations


You had 9 spell levels left.
You didn't know any spells.
Your spell library contained the following spells:

 Spells                   Type           Power      Damage    Failure   Level
 Kiss of Death            Conj/Necr      0%         2d5       58%         1
 Necrotise                Necr           0%         1d4       58%         1
 Poisonous Vapours        Pois/Air       0%         N/A       75%         2
 Sublimation of Blood     Necr           0%         N/A       75%         2
 Wereblood                Tmut           0%         N/A       75%         2
 Confusing Touch          Hex            0%         N/A       92%         3
 Dazzling Flash           Conj/Hex       0%         N/A       92%         3
 Mephitic Cloud           Conj/Pois/Air  0%         N/A       92%         3
 Volatile Blastmotes      Fire/Tloc      0%         2d10      92%         3
 Animate Dead             Necr           0%         N/A       100%        4
 Dispel Undead            Necr           0%         3d6       100%        4
 Borgnjor's Vile Clutch   Necr/Erth      0%         N/A       100%        5
 Freezing Cloud           Conj/Ice/Air   0%         6-21      100%        5
 Death Channel            Necr           0%         N/A       100%        6
 Simulacrum               Ice/Necr       0%         N/A       100%        6
 Starburst                Conj/Fire      0%         6d3       100%        6
 Summon Hydra             Summ           0%         N/A       100%        7
 Maxwell's Capacitive Co  Air            0%         ∞         100%        8


Dungeon Overview and Level Annotations

Branches:
Dungeon (8/15)             Temple (0/1) D:4         Ossuary (visited)
   Lair: D:8-11

Altars:
Nemelex Xobeh

Shops:
D:1 (

Annotations:
D:3 3 runed translucent doors, Pooter's ghost, amateur DrSh; baller8008's ghost, amateur MiFi; osoart's ghost, weakling HOSh; webuiltaworld's ghost, amateur TrFi


Innate Abilities, Weirdness & Mutations

You have a pair of small antennae on your head.
You have very sharp fingernails.
You sometimes gain power by taking damage.
You have a tail ending in a sharp stinger.


Message History

The death yak bellows!
You climb upwards.
There is a stone staircase leading down, spattered with blood here.
You feel very mighty all of a sudden.
The death yak gores you but does no damage.
You slash the death yak!
The death yak is lightly wounded.
The death yak closely misses you.
You hit the death yak. You tail-slap the death yak.
The death yak is lightly wounded.
The death yak misses you.
You hit the death yak.
The death yak is moderately wounded.
The death yak gores you!!
You slash the death yak!
The death yak is moderately wounded.
The death yak gores you!
You focus on the pain.
You feel agile all of a sudden.
You slash the death yak!
The death yak is heavily wounded.
The death yak completely misses you.
You slash the death yak!
The death yak is severely wounded.
The death yak gores you!
* * * LOW HITPOINT WARNING * * *
You completely miss the death yak.
The death yak is severely wounded.
You block the death yak's attack.
You barely miss the death yak.
You tail-slap the death yak, but do no damage.
The death yak is severely wounded.
The death yak gores you!!
* * * LOW HITPOINT WARNING * * *
You focus on the pain.
You feel mightier all of a sudden.
You hit the death yak. You tail-slap the death yak!
The death yak is almost dead.
The death yak gores you but does no damage.
The death yak gores you!
You die...

#.#####.###.#######
#.#.............#
#.#.###.###.###.#
#######
#.#.....#.....#.#
......#
#.#######.#..##.#
......# #.#
#.#..##.# ......#
#.# #.#..##.#
......#######.####
#.#..##.#
................@#
#.#..##.#
##..........####Y#
#.#####.#
#..........# #.#
#.......#
####.......# #.#
######### #.......#
#.# #...)...# #.#
#.......# #.#
#.......# #.# #
#.......# #.#


You could see a death yak.

Vanquished Creatures
  A death yak (D:7)
  The ghost of zenocrate the Insei, a novice OpSh (D:4)
  A wyvern (D:6)
  Eustachio (D:5)
  4 yaks (D:7)
  A water moccasin (D:7)
  2 orc warriors
  2 sky beasts
  2 ice beasts
  2 ogres
  5 phantoms
  A kobold brigand (D:6)
  A bullfrog (D:6)
  An elf skeleton (D:6)
  5 scorpions
  A gnoll sergeant (D:6)
  2 hounds
  3 jellies (D:6)
  3 quasits (D:4)
  An orc priest (D:6)
  2 gnoll boudas (D:6)
  2 sleepcaps
  Natasha (thrice) (D:4)
  3 iguanas
  3 human skeletons (D:6)
  A mummy (Ossuary)
  5 adders
  14 gnolls
  3 river rats (D:6)
  A white imp (D:6)
  3 ufetubi
  2 worms (D:2)
  3 dart slugs
  10 orcs
  4 spectral bats (Ossuary)
  5 ball pythons
  6 bats
  2 endoplasms
  4 giant cockroaches
  6 hobgoblins (D:1)
  4 jackals
  3 quokkas
  4 bat simulacra (Ossuary)
  2 frilled lizards (D:1)
  12 gnoll zombies (Ossuary)
  8 goblins
  A goblin simulacrum (Ossuary)
  6 goblin zombies (Ossuary)
  3 hobgoblin zombies (Ossuary)
  15 kobolds
  A kobold simulacrum (Ossuary)
  6 kobold zombies (Ossuary)
  An orc skeleton (D:6)
  4 orc zombies
  6 rats
  6 rat simulacra (Ossuary)
  5 spectral goblins (Ossuary)
  A spectral kobold (Ossuary)
  2 spectral rats (Ossuary)
212 creatures vanquished.

Notes
Turn   | Place    | Note
-------+----------+-------------------------------------------
     0 | D:1      | thirtiethelement the Demonspawn Fighter began the quest for
                  | the Orb.
     0 | D:1      | Reached XP level 1. HP: 18/18 MP: 1/1
    59 | D:1      | Discovered your monstrous ancestry.
    59 | D:1      | Gained mutation: You have a pair of small antennae on your
                  | head. [demonic ancestry]
    59 | D:1      | Reached XP level 2. HP: 20/24 MP: 2/2
    79 | D:1      | Reached skill level 2 in Axes
   577 | D:1      | Gained mutation: You have a small tail. [demonic ancestry]
   577 | D:1      | Reached XP level 3. HP: 24/29 MP: 3/3
   614 | D:1      | Got the Commentary on Spectres
   683 | D:1      | Found Nasmut's Antique Weapon Emporium.
  1143 | D:2      | Found a sparkling altar of Nemelex Xobeh.
  1424 | D:3      | Reached skill level 3 in Axes
  1424 | D:3      | Reached XP level 4. HP: 32/35 MP: 4/4
  1651 | D:3      | Noticed a phantom
  1664 | D:3      | Killed a phantom
  1665 | D:3      | Gained mutation: You sometimes gain a little power by
                  | taking damage. [demonic ancestry]
  1665 | D:3      | Reached XP level 5. HP: 28/42 MP: 5/5
  1925 | D:3      | Found a runed translucent gate.
  1927 | D:3      | Noticed webuiltaworld's ghost (amateur TrFi)
  1928 | D:3      | Found a runed translucent gate.
  1928 | D:3      | Noticed Pooter's ghost (amateur DrSh)
  1929 | D:3      | Noticed osoart's ghost (weakling HOSh)
  1930 | D:3      | Found a runed translucent gate.
  1930 | D:3      | Noticed baller8008's ghost (amateur MiFi)
  2451 | D:4      | Reached skill level 4 in Axes
  2487 | D:4      | Gained mutation: You have a tail ending in a sharp stinger.
                  | [demonic ancestry]
  2487 | D:4      | Reached XP level 6. HP: 35/48 MP: 6/6
  2587 | D:4      | Noticed zenocrate's ghost (novice OpSh)
  2616 | D:4      | Found a transporter.
  2636 | D:4      | Found a transporter.
  2652 | D:4      | Noticed Natasha
  2660 | D:4      | Killed Natasha
  2748 | D:4      | Reached skill level 1 in Dodging
  2751 | D:4      | Noticed Natasha
  2757 | D:4      | Killed Natasha
  2852 | D:4      | Found a staircase to the Ecumenical Temple.
  2938 | D:4      | Noticed Natasha
  2968 | D:4      | Killed Natasha
  2969 | D:4      | Reached skill level 5 in Axes
  2969 | D:4      | Reached XP level 7. HP: 30/54 MP: 7/7
  3243 | D:4      | Killed zenocrate's ghost
  3339 | D:5      | Entered Level 5 of the Dungeon
  3346 | D:5      | Noticed Eustachio
  3370 | D:5      | Killed Eustachio
  3371 | D:5      | Gained mutation: You sometimes gain power by taking damage.
                  | [demonic ancestry]
  3371 | D:5      | Reached XP level 8. HP: 35/61 MP: 8/8
  3513 | D:5      | Reached skill level 5 in Fighting
  3535 | D:5      | Reached skill level 6 in Axes
  4041 | D:6      | Reached skill level 5 in Armour
  4140 | D:6      | Gained mutation: You have sharp fingernails. [demonic
                  | ancestry]
  4140 | D:6      | Reached XP level 9. HP: 38/69 MP: 9/9
  4156 | D:6      | Found a sand-covered staircase.
  4170 | D:6      | Reached skill level 7 in Axes
  4173 | Ossuary  | Entered an ossuary
  5154 | D:6      | Reached skill level 8 in Axes
  5174 | D:6      | Reached skill level 1 in Stealth
  6180 | D:7      | Reached skill level 5 in Shields
  6233 | D:7      | Reached skill level 1 in Throwing
  6523 | D:8      | Gained mutation: You have very sharp fingernails. [demonic
                  | ancestry]
  6523 | D:8      | Reached XP level 10. HP: 77/77 MP: 10/10
  6593 | D:8      | Noticed a death yak
  6607 | D:8      | Noticed a death yak
  6618 | D:7      | Killed a death yak
  6619 | D:7      | Reached skill level 9 in Axes
  6772 | D:8      | Noticed a death yak
  6783 | D:7      | HP: 1/77 [death yak (21)]
  6784 | D:7      | Mangled by a death yak

Illustrated notes

Levels and vault maps discovered:
D:1:      matt_arrival_refuge, layout_basic, serial_shops, shop, nicolae_titane
D:2:      layout_rooms, basic_altar
D:3:      layout_basic, gammafunk_ghost_cemetery, kennysheep_flooded_box
D:4:      layout_rooms, minmay_temple_entry_enclosed_plants,
          gammafunk_ghost_stat_death, kennysheep_dice, uniq_natasha
D:5:      layout_rooms, minmay_diced_spiral, uniq_eustachio
D:6:      layout_basic, nicolae_ossuary_entry_catacombs, portal_sewer_entry_b,
          st_stairs_13, serial_bayou_ford_a, minmay_increasing_density
D:7:      layout_basic
D:8:      layout_gridville, zin_scriptorium, dpeg_lair_monsters, minivault_4,
          nicolae_houndstooth_variations

Skill      XL: |  1  2  3  4  5  6  7  8  9 10 |
---------------+-------------------------------+-----
Axes           | 2 3 4 5 6 8 9 |  9.1
Armour         | 3 4 5 |  5.7
Shields        | 3 4 5 |  5.1
Fighting       | 4 5 6 |  6.8
Dodging        | 1 2 3 4 |  4.3
Stealth        | 1 |  1.5
Throwing       | 1 |  1.8
Evocations     | |  0.3

Action                     |  1- 3 |  4- 6 |  7- 9 | 10-12 || total
---------------------------+-------+-------+-------+-------++-------
  Melee: War axe           |   123 |    94 |   452 |    18 ||   687
         Tailslap          |     8 |    13 |    74 |     8 ||   103
  Throw: Javelin           |       |       |    16 |     5 ||    21
  Evoke: Wand              |       |       |     4 |       ||     4
    Use: Scroll            |       |       |    19 |       ||    19
         Potion            |       |       |     3 |     2 ||     5
   Stab: Sleeping          |       |       |     4 |       ||     4
 Armour: Scale mail        |    72 |    25 |       |       ||    97
         Ring mail         |       |    19 |   291 |     3 ||   313
  Dodge: Dodged            |    60 |    49 |   357 |     6 ||   472
  Block: Buckler           |    21 |    18 |   156 |     3 ||   198

Table legend: (Time is in decaauts)
 A = Elapsed time spent in this place.
 B = Non-inter-level travel time spent in this place.
 C = Inter-level travel time spent in this place.
 D = Time resting spent in this place.
 E = Time spent auto-exploring this place.
 F = Levels seen in this place.
 G = Mean time per level.
                   A        B        C        D        E       F      G
               +--------+--------+--------+--------+--------+-----+--------+
         Total |   6972 |   6838 |    134 |    152 |   4747 |   9 |  774.7 |
       Dungeon |   6629 |   6495 |    134 |    152 |   4747 |   8 |  828.6 |
       Ossuary |    343 |    343 |      0 |      0 |      0 |   1 |  343.0 |
               +--------+--------+--------+--------+--------+-----+--------+

Top non-repeatable levels by time:
     D:6: 1370 daAuts
     D:7: 1081 daAuts
     D:3: 1048 daAuts
     D:4: 1003 daAuts
     D:1: 827 daAuts
     D:5: 625 daAuts
     D:2: 552 daAuts
 Ossuary: 343 daAuts
     D:8: 120 daAuts
